 Dungeon Crawl Stone Soup version 0.24-a0-525-g9231cdcba1 (webtiles) character file.

Game seed: 17953905977330490377

187 Flugkiller the Sneak (level 5, 0/39 HPs)
             Began as an Octopode Gladiator on Aug 1, 2019.
             Slain by a bullfrog (1 damage)
             ... in a sewer.
             The game lasted 00:02:57 (2455 turns).

Flugkiller the Sneak (Octopode Gladiator)           Turns: 2455, Time: 00:02:57

Health: 0/39       AC:  1    Str: 14    XL:     5   Next: 66%
Magic:  5/5        EV: 15    Int: 10    God:
Gold:   136        SH:  0    Dex: 14    Spells: 4/4 levels left

rFire    . . .     SeeInvis .   a - +0 rapier
rCold    . . .     Gourm    .   (no shield)
rNeg     . . .     Faith    .   b - +0 hat
rPois    .         Spirit   .   (no amulet)
rElec    .         Reflect  .   (no ring)
rCorr    .         Harm     .   (no ring)
MR       +....                  (no ring)
Stlth    ++++......             (no ring)
HPRegen  0.13/turn              (no ring)
MPRegen  0.09/turn              (no ring)
                                (no ring)
                                (no ring)

@: no status effects
A: almost no armour, stealthy swim, amphibious, 8 rings, constrict 8, camouflage
1, magic resistance 1, robust 1, gelatinous body 1
a: no special abilities


You were in a sewer.
You were not hungry.

You visited 1 branch of the dungeon, and saw 3 of its levels.
You also visited: Sewer.

You collected 136 gold pieces.

Inventory:

Hand Weapons
 a - a +0 rapier (weapon)
Missiles
 c - 4 throwing nets (quivered)
Armour
 b - a +0 hat (worn)
Scrolls
 e - a scroll of blinking
 l - a scroll of remove curse
 n - a scroll of fog {unknown}
 o - a scroll of random uselessness {unknown}
Potions
 g - a potion of resistance {unknown}
 h - 2 potions of agility
 i - 2 potions of mutation
 j - a potion of lignification {unknown}
 k - a potion of haste
 m - a potion of magic
Comestibles
 d - 4 rations
 f - 6 chunks of flesh


   Skills:
 + Level 2.8 Fighting
 + Level 3.6 Short Blades
 - Level 2.0 Throwing
 + Level 3.7 Dodging
 - Level 5.2 Stealth


You had 4 spell levels left.
You didn't know any spells.
Your spell library contained the following spells:

 Spells                   Type           Power        Failure   Level  Hunger
 Magic Dart               Conj           #...         36%         1    ##.....
 Blink                    Tloc           N/A          50%         2    ###....
 Call Imp                 Summ           #.......     50%         2    ###....
 Slow                     Hex            #.......     50%         2    ###....
 Conjure Flame            Conj/Fire      #.......     75%         3    ####...
 Mephitic Cloud           Conj/Pois/Air  #.......     75%         3    ####...


Dungeon Overview and Level Annotations

Branches:
Dungeon (3/15)

Altars:
Elyvilon
Xom
Zin


Innate Abilities, Weirdness & Mutations

You cannot wear most types of armour.
You are very stealthy in the water. (Stealth+)
You are amphibious.
You can wear up to eight rings at the same time.
You can use your tentacles to constrict eight enemies at once.
Your skin changes colour to match your surroundings (Stealth+).
Your rubbery body absorbs attacks. (AC +1, EV +1)
You are resistant to hostile enchantments. (MR+)
You are robust. (+10% HP)


Message History

f - 6 chunks of flesh (gained 1)
You see here a leopard gecko skeleton. x2
Found a scroll of blinking.
Found a short sword, a dire flail and 17 gold pieces.
A frilled lizard comes into view.
Found 20 gold pieces.
A frilled lizard is nearby!
Found a gate leading back out of this place. 2 bullfrogs come into view.
A leopard gecko comes into view.
You see here a scroll of blinking.
You see here a dire flail.
The bullfrog croaks.
The frilled lizard hisses angrily.
You see here 20 gold pieces.
You see here a dire flail.
The bullfrog gives a loud, deep croak!
The bullfrog barely misses you.
You see here a scroll of blinking.
The bullfrog hits you but does no damage.
The bullfrog hits you! The bullfrog misses you.
The bullfrog closely misses you. The bullfrog hits you.
You hit the frilled lizard.
You kill the frilled lizard!
The bullfrog barely misses you.
You puncture the bullfrog! Your grab misses the bullfrog.
The bullfrog is moderately wounded.
The bullfrog misses you. The bullfrog hits you. The bullfrog misses you.
Unknown command.
You hit the bullfrog but do no damage. You grab the bullfrog.
The bullfrog is moderately wounded.
You constrict the bullfrog. The bullfrog closely misses you.
The bullfrog misses you. The bullfrog barely misses you.
Unknown command.
You release your grip on the bullfrog.
The bullfrog hits you.
* * * LOW HITPOINT WARNING * * *
The bullfrog barely misses you.
You barely miss the bullfrog. Your grab misses the bullfrog.
The bullfrog hits you.
* * * LOW HITPOINT WARNING * * *
The bullfrog hits you.
* * * LOW HITPOINT WARNING * * *
The bullfrog hits you.
* * * LOW HITPOINT WARNING * * *
You hit the bullfrog. Your grab misses the bullfrog.
The bullfrog is heavily wounded.
The bullfrog hits you.
* * * LOW HITPOINT WARNING * * *
The bullfrog misses you. The bullfrog hits you.
You die...

≈≈≈≈≈≈≈≈≈≈≈≈≈≈≈≈.#
≈≈≈≈≈≈≈≈≈≈≈≈≈≈≈≈.#
.≈..≈.≈÷≈≈≈≈.≈≈..#
######≈≈≈≈≈##≈≈≈##
#≈≈≈≈.##≈≈≈#
#.≈≈≈≈##≈≈≈# ######
#.≈≈≈.##≈≈.#
##≈≈≈≈≈###.≈≈≈.##≈≈.#
##≈≈≈≈≈≈≈≈#@≈≈≈.##≈≈≈#
##≈≈≈≈≈≈≈≈≈#FF≈≈.##.≈.#
#≈≈≈≈≈≈≈≈≈≈≈.≈≈≈.###.##
#≈≈≈≈≈≈≈≈≈≈≈.≈≈≈.# #÷#
##≈≈≈≈.≈≈≈≈≈≈.≈≈≈.# #.#
#≈≈≈≈≈≈.≈≈≈≈≈.≈≈≈.# #∩#
#≈≈≈≈≈.)l≈≈≈≈≈≈≈≈.# #.#
#≈≈≈≈.$)?≈≈≈≈≈≈≈≈.# #∩#
#≈≈≈≈≈.$..≈≈≈≈≈≈≈.# #.#


You could see 2 bullfrogs and a leopard gecko.

Vanquished Creatures
  3 adders
  3 gnolls (D:2)
  3 river rats (D:3)
  2 oozes
  3 worms (D:2)
  A dart slug (D:1)
  5 leopard geckos
  An orc (D:3)
  7 giant cockroaches
  6 goblins
  9 hobgoblins
  2 quokkas
  4 ball pythons
  6 bats
  9 frilled lizards
  8 kobolds
  12 rats
84 creatures vanquished.

Notes
Turn   | Place    | Note
-------+----------+-------------------------------------------
     0 | D:1      | Flugkiller the Octopode Gladiator began the quest for the
                  | Orb.
     0 | D:1      | Reached XP level 1. HP: 14/14 MP: 1/1
    35 | D:1      | Reached skill level 1 in Stealth
    52 | D:1      | Reached skill level 2 in Stealth
    70 | D:1      | Reached XP level 2. HP: 19/19 MP: 2/2
   217 | D:1      | Reached skill level 3 in Stealth
   270 | D:1      | Reached XP level 3. HP: 24/24 MP: 3/3
   340 | D:1      | Reached skill level 4 in Stealth
  1100 | D:2      | Reached skill level 5 in Stealth
  1100 | D:2      | Reached XP level 4. HP: 26/29 MP: 4/4
  1718 | D:2      | Found a white marble altar of Elyvilon.
  1804 | D:2      | Reached XP level 5. HP: 34/35 MP: 5/5
  2051 | D:3      | Gained mutation: You are robust. (+10% HP) [potion of
                  | mutation]
  2051 | D:3      | Gained mutation: You are resistant to hostile enchantments.
                  | (MR+) [potion of mutation]
  2062 | D:3      | Noticed an angel
  2065 | D:3      | Found a glowing silver altar of Zin.
  2191 | D:3      | Found a shimmering altar of Xom.
  2254 | D:3      | Found a glowing drain.
  2261 | Sewer    | Entered a sewer
  2455 | Sewer    | HP: 1/39 [bullfrog (6)]
  2455 | Sewer    | Slain by a bullfrog

Levels and vault maps discovered:
D:1:      dpeg_arrival_prison, layout_basic
D:2:      layout_basic, marbit_many_paths, minmay_pentomino_v4
D:3:      layout_rooms, grunt_temple_overflow_order_and_chaos_1,
          portal_sewer_entry_e
Sewer:    sewer_frog_island_01

Skill      XL: |  1  2  3 |
---------------+----------+-----
Stealth        | 2 3 5 |  5.2
Fighting       | |  2.8
Short Blades   | |  3.6
Throwing       | |  2.0
Dodging        | |  3.7

Action                   |  1- 3 |  4- 6 || total
-------------------------+-------+-------++-------
Melee: Rapier            |    75 |    74 ||   149
       Tentacles         |    12 |    13 ||    25
       Constrict         |    12 |    21 ||    33
  Use: Scroll            |       |     7 ||     7
       Potion            |       |     1 ||     1
 Stab: Sleeping          |    16 |    11 ||    27
  Eat: Chunk             |     1 |     4 ||     5
Armor: Skin              |     9 |     1 ||    10
Dodge: Dodged            |    52 |    56 ||   108

Table legend:
 A = Non-vault XP
 B = Vault XP
 C = Vault XP percentage of total XP
 D = Non-vault monster count
 E = Vault monster count
 F = Vault count percentage of total count
                 A         B        C        D         E       F
            +---------+---------+-------+---------+---------+-------
      Total |     179 |      89 |  33.2 |      59 |      25 |  29.8
            +---------+---------+-------+---------+---------+-------
        D:1 |      48 |       7 |  12.7 |      25 |       4 |  13.8
        D:2 |     117 |      10 |   7.9 |      30 |       5 |  14.3
        D:3 |      14 |      46 |  76.7 |       4 |       8 |  66.7
      Sewer |       0 |      26 | 100.0 |       0 |       8 | 100.0
            +---------+---------+-------+---------+---------+-------
